 Dungeon Crawl Stone Soup version 0.24.0-125-gc4c63601f3 (webtiles) character file.

Game seed: 707737432601059362, levelgen mode: deterministic

66 Descartes the Sneak (level 3, 0/15 HPs)
             Began as a Felid Wanderer on Feb 29, 2020.
             Succumbed to a worker ant's poison
             ... on level 2 of the Dungeon.
             The game lasted 00:04:12 (1615 turns).

Descartes the Sneak (Felid Wanderer)                Turns: 1615, Time: 00:04:13

Health: 0/15       AC:  1    Str:  8    XL:     3   Next: 96%
Magic:  7/7        EV: 17    Int: 15    God:
Gold:   109        SH:  0    Dex: 14    Spells: 6/6 levels left
                                        Lives:  0   Deaths: 0

rFire    . . .     SeeInvis +     - Unarmed
rCold    . . .     Gourm    .   (shield unavailable)
rNeg     + . .     Faith    .   (armour unavailable)
rPois    .         Spirit   .   (helmet unavailable)
rElec    .         Reflect  .   (cloak unavailable)
rCorr    .         Harm     .   (gloves unavailable)
MR       .....                  (boots unavailable)
Stlth    +++.......             e - amulet of magic regeneration
HPRegen  0.05/turn              h - ring of positive energy
MPRegen  0.35/turn              (no ring)

@: lethally poisoned (0 -> -18), quick
A: very small, no armour, no weapons or thrown items, stealth, claws 1, fangs 3,
see invisible, carnivore, speed 1, shaggy fur 1, slow metabolism 1, sharp paws
a: no special abilities


You were on level 2 of the Dungeon.
You were completely stuffed.

You visited 1 branch of the dungeon, and saw 2 of its levels.

You collected 109 gold pieces.

Inventory:

Missiles
 g - 70 stones
Jewellery
 e - an amulet of magic regeneration (around neck)
 h - a ring of positive energy (left paw)
Wands
 a - a wand of enslavement (15)
Scrolls
 f - a scroll of amnesia {unknown}
 i - a scroll of teleportation {unknown}
 j - a scroll of immolation {unknown}
 k - a scroll of identify {unknown}
Potions
 b - a potion of lignification
 d - a potion of mutation {unknown}
 m - a potion of curing {unknown}
 n - a potion of magic {unknown}
Comestibles
 c - 2 rations
 l - a chunk of flesh


   Skills:
 + Level 1.6 Fighting
 + Level 2.3 Dodging
 + Level 3.6 Stealth
 * Level 2.9 Unarmed Combat
 - Level 2.0 Spellcasting
   Level 1.5 Hexes
 + Level 1.8 Evocations


You had 6 spell levels left.
You didn't know any spells.
Your spell library was empty.

Dungeon Overview and Level Annotations

Branches:
Dungeon (2/15)

Altars:


Innate Abilities, Weirdness & Mutations

You cannot wear armour.
You are incapable of wielding weapons or throwing items.
Your paws allow you to move quietly. (Stealth)
You have sharp claws.
You have razor-sharp teeth.
You have supernaturally acute eyesight. (SInv)
You are carnivorous and can eat meat at any time.
You cover ground quickly.
You are covered in fur. (AC +1)
You have a slow metabolism.
Your sharp claws are effective at attacking unaware monsters.


Message History

You scratch Jessica.
You kill Jessica!
You feel sick. The worker ant closely misses you.
Things that are here:
a +2 dagger of venom; a +0 robe; the human corpse of Jessica You scratch the worker ant.
The worker ant is lightly wounded.
You feel sick. The worker ant bites you.
* * * LOW HITPOINT WARNING * * *
You are more poisoned.
The worker ant poisons you!
You scratch the worker ant but do no damage.
You bite the worker ant.
The worker ant is moderately wounded.
* * * LOW HITPOINT WARNING * * *
You feel sick. The worker ant misses you.
You scratch the worker ant.
The worker ant is heavily wounded.
You die...

........
#.#
.######.
#.# .# #.#
.# #.# .#
#######.##
.#
!........#
.#
####.....##
.#
..........#
.##
...#...@..#
..#
........a.#
.##
...###.#..#
.# ... #.
.... .# .#
#. ..... .#
#. .......
.# ..
..##... .#
## ..# ..#
.#


You could see a worker ant.

Vanquished Creatures
  Jessica (D:2)
  2 dart slugs
  A leopard gecko (D:1)
  2 giant cockroaches (D:1)
  5 goblins (D:1)
  4 hobgoblins (D:1)
  2 jackals (D:1)
  4 kobolds
  5 bats
  2 frilled lizards
  6 rats
34 creatures vanquished.

Notes
Turn   | Place    | Note
-------+----------+-------------------------------------------
     0 | D:1      | Descartes the Felid Wanderer began the quest for the Orb.
     0 | D:1      | Descartes set off with the following items: a wand of
                  | enslavement (15), a potion of lignification, a ration
     0 | D:1      | Reached XP level 1. HP: 9/9 MP: 4/4
   271 | D:1      | Reached XP level 2. HP: 12/12 MP: 6/6
   298 | D:1      | Reached skill level 3 in Stealth
  1009 | D:1      | Reached XP level 3. HP: 14/15 MP: 7/7
  1604 | D:2      | Noticed Jessica
  1611 | D:2      | Killed Jessica
  1615 | D:2      | Succumbed to a worker ant's poison

Levels and vault maps discovered:
D:1:      dpeg_arrival_leaves_temple_mockup, layout_loops_corners, st_stairs_7
D:2:      layout_loops_ring, lemuel_crystal_altar, marbit_many_paths,
          overflow_temple_1_default, nicolae_dithmenos_shadow_blocks,
          chequers_ecumenical_altar_island, uniq_jessica,
          uniq_crazy_yiuf_cottage, uniq_sigmund

Skill      XL: |  1  2  3 |
---------------+----------+-----
Stealth        | 3 |  3.6
Dodging        | 2 |  2.3
Fighting       | |  1.6
Unarmed Combat | |  2.9
Spellcasting   | |  2.0
Hexes          | |  1.5
Evocations     | |  1.8

Action                   || total
-------------------------++-------
Melee: Unarmed           ||    88
       Bite              ||     7
 Stab: Sleeping          ||    11
  Eat: Chunk             ||     9
Armor: Skin              ||     4
Dodge: Dodged            ||    57
